 Dungeon Crawl Stone Soup version 0.29-a0-643-ga013cefcf8 (webtiles) character file.

Game seed: 8263377720467132081

207 mandarbmax the Ruffian (level 5, -4/45 HPs)
             Began as a Troll Necromancer on June 19, 2022.
             Was an Initiate of Cheibriados.
             Killed by divine providence
             ... invoked by an orc priest
              (13 damage)
             ... on level 4 of the Dungeon.
             The game lasted 00:03:17 (2063 turns).

mandarbmax the Ruffian (Troll Necromancer)          Turns: 2063, Time: 00:03:19

Health: -4/45      AC:  4    Str: 17    XL:     5   Next: 54%
Magic:  1/5        EV: 10    Int: 14    God:    Cheibriados [......]
Gold:   166        SH:  0    Dex: 17    Spells: 5/6 levels left

rFire   . . .      SeeInvis .     - Unarmed
rCold   . . .      Faith    .   (no shield)
rNeg    . . .      Spirit   .   a - +0 robe
rPois   .          Reflect  .   (helmet restricted)
rElec   .          Harm     .   (no cloak)
rCorr   .          Rampage  .   (gloves unavailable)
Will    .....                   (boots unavailable)
Stlth   ++........              (no amulet)
HPRegen 0.95/turn               g - +6 ring of dexterity
MPRegen 0.09/turn               (no ring)

@: very slow
A: large, unfitting armour, claws 3, regeneration 1, shaggy fur 1, tough skin 1
a: Renounce Religion


You were on level 4 of the Dungeon.
You worshipped Cheibriados.
Cheibriados was noncommittal.
You visited 1 branch of the dungeon, and saw 4 of its levels.

You collected 166 gold pieces.

Inventory:

Missiles
 d - 6 large rocks
Armour
 a - a +0 robe (worn)
Jewellery
 g - a +6 ring of dexterity (left claw)
 q - a ring of wizardry
Scrolls
 c - a scroll of blinking {unknown}
 f - 2 scrolls of poison {unknown}
 i - a scroll of magic mapping {unknown}
 j - 2 scrolls of teleportation {unknown}
 m - 3 scrolls of identify {unknown}
 p - 2 scrolls of fog {unknown}
 r - a scroll of fear {unknown}
 s - 3 scrolls of vulnerability {unknown}
Potions
 b - a potion of magic
 e - a potion of cancellation {unknown}
 h - 3 potions of curing {unknown}
 k - a potion of degeneration {unknown}
 l - a potion of resistance {unknown}
 n - 2 potions of flight {unknown}
 o - 2 potions of brilliance {unknown}


   Skills:
 - Level 2.0 Dodging
 - Level 1.0 Stealth
 * Level 5.2 Unarmed Combat
 - Level 1.2 Spellcasting
 - Level 3.2 Necromancy


You had 5 spell levels left.
You knew the following spells:

 Your Spells              Type           Power      Damage    Failure   Level
a - Necrotize             Necr           40%        1d6       7%          1

Your spell library contained the following spells:

 Spells                   Type           Power      Damage    Failure   Level
 Vampiric Draining        Necr           10%        2d6       21%         3
 Animate Dead             Necr           10%        N/A       56%         4
 Agony                    Necr           10%        N/A       88%         5
 Chain Lightning          Conj/Air       0%         N/A       100%        9
 Fire Storm               Conj/Fire      0%         5d1       100%        9
 Shatter                  Erth           0%         3d5*      100%        9


Dungeon Overview and Level Annotations

Branches:
Dungeon (4/15)
 Temple: D:4-7

Altars:
Ashenzari
Cheibriados
Dithmenos
Fedhas

Annotations:
D:4 Ijyb


Innate Abilities, Weirdness & Mutations

You are too large for most types of armour.
You have claws for hands.
Your natural rate of healing is unusually fast.
You are covered in fur. (AC +1)
You have tough skin. (AC +1)


Message History

Casting: Necrotize (safe; 7% risk of failure)
Confirm with . or Enter, or press ? or * to list all spells.
Aiming: Necrotize (safe; 7% risk of failure)
Press: ? - help, Shift-Dir - straight line, f/p - orc
Aim: an orc, wielding a +0 war axe (lightly wounded, chance to affect: 78%)
The orc writhes in agony.
The orc closely misses you.
Unknown command.
You scratch the orc.
You kill the orc!
Cheibriados appreciates the change of pace.
You claw the orc!
You kill the orc!
Cheibriados appreciates the change of pace.
An orc priest comes into view. It is wielding a +0 dagger.
You claw Ijyb!
Ijyb is heavily wounded.
Ijyb screams, "Level is mine!
All mine!"
Ijyb zaps a wand.
The puff of flame hits you.
* * * LOW HITPOINT WARNING * * *
You barely miss Ijyb.
Ijyb is heavily wounded.
Ijyb closely misses you.
Unknown command.
You barely miss Ijyb.
Ijyb is heavily wounded.
Ijyb zaps a wand.
The puff of flame misses you.
Unknown command.
You scratch Ijyb.
Ijyb is severely wounded.
Ijyb hits you with a +5 club.
* * * LOW HITPOINT WARNING * * *
Unknown command.
You closely miss Ijyb.
Ijyb is heavily wounded.
Ijyb screams, "Me very upset!"
Ijyb hits you with a +5 club.
* * * LOW HITPOINT WARNING * * *
The orc priest invokes the aid of Beogh against you.
Beogh smites you!
You die...

### ##.## #...#### # ##
## #......## ## ##..#.#
###.......# #. #.>....
#....####'######.
#......##....#.......#...
#.....og@.#..#.⌠...⌠.####
##.....#####.#.......###.
#....#. #.+...⌠...'...
.... #. #.#.......###.
... #. ..#.⌠...⌠.##.. ..
.. .#.......#### # #.
####+####... #. .....
.....


You could see Ijyb and an orc priest.

Vanquished Creatures
  A hound (D:4)
  An iguana (D:4)
  A gnoll (D:1)
  5 adders
  An ufetubus (D:4)
  A worm (D:2)
  5 dart slugs
  8 orcs
  5 bats
  8 endoplasms
  2 giant cockroaches (D:3)
  4 goblins
  A hobgoblin (D:2)
  4 jackals (D:1)
  4 ball pythons
  6 frilled lizards
  11 kobolds
  5 rats
73 creatures vanquished.

Notes
Turn   | Place    | Note
-------+----------+-------------------------------------------
     0 | D:1      | mandarbmax the Troll Necromancer began the quest for the
                  | Orb.
     0 | D:1      | Reached XP level 1. HP: 16/16 MP: 1/1
    48 | D:1      | Reached skill level 1 in Unarmed Combat
   177 | D:1      | Reached XP level 2. HP: 24/24 MP: 2/2
   487 | D:1      | Reached skill level 2 in Unarmed Combat
   487 | D:1      | Reached XP level 3. HP: 14/31 MP: 3/3
   914 | D:2      | Reached skill level 3 in Unarmed Combat
  1002 | D:2      | Reached XP level 4. HP: 38/39 MP: 4/4
  1601 | D:3      | Reached skill level 4 in Unarmed Combat
  1646 | D:3      | Found a blossoming altar of Fedhas.
  1775 | D:3      | Found a shadowy altar of Dithmenos.
  1775 | D:3      | Found a broken altar of Ashenzari.
  1776 | D:3      | Found a snail-covered altar of Cheibriados.
  1782 | D:3      | Became a worshipper of Cheibriados the Contemplative
  1846 | D:3      | Found a faded altar of an unknown god.
  2011 | D:4      | Reached XP level 5. HP: 44/45 MP: 5/5
  2041 | D:4      | Noticed Ijyb
  2052 | D:4      | Reached skill level 5 in Unarmed Combat
  2063 | D:4      | Killed from afar by an orc priest

Illustrated notes

Levels and vault maps discovered:
D:1:      minmay_arrival_stair_chambers, layout_loops_ring
D:2:      layout_basic, minmay_splitting_lines, minmay_3d_cube
D:3:      layout_basic, fedhas_altar_1, gammafunk_temple_overflow_claw,
          shapermc_ecumenical_altar_petra
D:4:      layout_cave_pools, minmay_fountain_box, uniq_ijyb,
          uniq_crazy_yiuf_cottage, uniq_sigmund, uniq_natasha

Skill      XL: |  1  2  3  4  5 |
---------------+----------------+-----
Unarmed Combat | 1 2 3 4 5 |  5.2
Dodging        | 2 |  2.0
Stealth        | |  1.0
Spellcasting   | |  1.2
Necromancy     | |  3.2

Action                   |  1- 3 |  4- 6 || total
-------------------------+-------+-------++-------
Melee: Unarmed           |    85 |   104 ||   189
       Punch             |     3 |     5 ||     8
 Cast: Necrotize         |       |     5 ||     5
 Stab: Sleeping          |     3 |     1 ||     4
Armor: Robe              |    24 |    45 ||    69
Dodge: Dodged            |    28 |    52 ||    80

Table legend: (Time is in decaauts)
 A = Elapsed time spent in this place.
 B = Non-inter-level travel time spent in this place.
 C = Inter-level travel time spent in this place.
 D = Time resting spent in this place.
 E = Time spent auto-exploring this place.
 F = Levels seen in this place.
 G = Mean time per level.
                   A        B        C        D        E       F      G
               +--------+--------+--------+--------+--------+-----+--------+
         Total |   2114 |   2039 |     75 |      0 |   1566 |   4 |  528.5 |
       Dungeon |   2114 |   2039 |     75 |      0 |   1566 |   4 |  528.5 |
               +--------+--------+--------+--------+--------+-----+--------+

Top non-repeatable levels by time:
     D:1: 716 daAuts
     D:2: 715 daAuts
     D:3: 543 daAuts
     D:4: 139 daAuts
